Map: Bridgehead LE (Void)

Players

Javert - Winner!

  • Race: Zerg Zerg
  • League: Silver

ToTheNines

  • Race: Zerg Zerg
  • League: Platinum

VOD

Have the link to the VOD?

Description

Time

  • Played on: July 20, 2015, 4:01 p.m.
  • Length: 7:50
Show
View Real Time Build Order
Export as new Build Order

Javert Zerg - Winner!

Build Orders: Hatch First 

Get SALT Encoding   

  12  0:02  Drone  
  13  0:13  Overlord  
  13  0:20  Drone  
  14  0:32  Drone x2  
  16  0:39  Drone  
  17  0:56  Hatchery  
  16  0:57  Drone  
  16  0:59  Extractor  
  16  1:02  Drone  
  17  1:08  Drone  
  18  1:20  Spawning Pool  
  18  1:24  Drone  
  18  1:29  Drone  
  19  1:39  Drone  
  20  1:51  Drone  
  21  2:01  Overlord  
  21  2:07  Metabolic Boost  
  21  2:08  Queen x2  
  23  2:13  Zergling x2  
  23  2:14  Zergling x2  
  27  2:27  Drone x2  
  29  2:37  Drone x2  
  29  2:43  Drone  
  32  2:55  Overlord  
  32  2:59  Drone x2  
  34  3:14  Drone  
  34  3:15  Drone x2  
  37  3:25  Drone x4  
  37  3:26  Drone x3  
  42  3:43  Overlord x2  
  42  3:46  Lair, Extractor  
  42  3:47  Extractor  
  40  3:48  Extractor  
  40  3:51  Drone x3  
  42  3:59  Zergling x4  
  42  4:01  Overlord x2  
  43  4:32  Roach Warren  
  43  4:35  Evolution Chamber  
  43  4:37  Drone x10  
  51  5:00  Drone x7  
  51  5:07  Zerg Missile Weapons Level 1  
  58  5:12  Glial Reconstitution  
  58  5:13  Evolution Chamber  
  57  5:14  Roach  
  57  5:15  Roach x6  
  57  5:20  Baneling Nest  
  70  5:30  Overlord  
  70  5:39  Overlord x2  
  70  5:45  Overlord x2  
  70  5:48  Zerg Ground Armor Level 1  
  70  5:53  Roach x3  
  76  6:01  Overseer  
  76  6:03  Roach  
  76  6:04  Roach x8  
  94  6:07  Baneling x4  
  94  6:17  Roach  
  94  6:18  Roach x2  
  100  6:22  Hatchery, Extractor  
  98  6:26  Overlord  
  98  6:28  Extractor  
  97  6:35  Ravager x4  
  97  6:36  Ravager x2  
  97  6:38  Roach x2  
  97  6:39  Overlord x2  
  107  6:40  Overlord  
  107  6:44  Overlord x2  
  101  7:18  Roach x13  
  101  7:37  Drone x4  
Show
View Real Time Build Order
Export as new Build Order

ToTheNines Zerg 

Build Orders: Hatch First 

Get SALT Encoding   

  12  0:01  Drone  
  13  0:15  Overlord  
  13  0:18  Drone  
  14  0:34  Drone x2  
  16  0:37  Drone  
  17  0:54  Hatchery  
  16  0:58  Drone  
  16  1:01  Drone  
  16  1:02  Extractor  
  17  1:16  Spawning Pool  
  17  1:18  Drone  
  17  1:26  Drone  
  17  1:30  Drone  
  19  1:41  Drone  
  20  1:52  Overlord  
  20  2:03  Metabolic Boost  
  20  2:04  Queen  
  20  2:06  Zergling x2  
  20  2:07  Queen  
  25  2:13  Drone  
  27  2:15  Drone  
  27  2:26  Drone  
  27  2:27  Drone  
  27  2:28  Overlord  
  29  2:35  Drone  
  30  2:39  Drone  
  31  2:52  Queen x2  
  31  2:57  Drone x2  
  31  2:58  Drone  
  38  3:03  Baneling Nest  
  37  3:08  Spine Crawler  
  37  3:09  Zergling x4  
  38  3:14  Overlord  
  38  3:24  Overlord  
  35  3:45  Drone x2  
  35  3:46  Drone x3  
  40  3:52  Drone  
  41  3:57  Overlord  
  41  4:04  Drone x5  
  41  4:06  Hatchery  
  45  4:23  Drone x3  
  46  4:26  Extractor x2  
  46  4:27  Overlord, Extractor  
  46  4:28  Lair  
  43  4:34  Evolution Chamber  
  43  4:36  Evolution Chamber  
  41  4:41  Baneling  
  41  4:47  Drone x3  
  41  4:48  Drone x3  
  41  4:51  Drone  
  41  4:52  Overlord  
  48  5:00  Roach Warren  
  48  5:04  Overlord  
  48  5:05  Overlord  
  47  5:08  Drone x3  
  47  5:14  Zerg Missile Weapons Level 1, Zerg Ground Armor Level 1  
  50  5:28  Drone x7  
  57  5:31  Drone x2  
  59  5:42  Overlord x3  
  59  5:44  Overseer  
  59  5:51  Roach x2  
  59  5:52  Roach  
  65  5:57  Extractor x2  
  65  6:00  Hydralisk Den  
  62  6:07  Drone x3  
  62  6:08  Drone x3, Overlord  
  68  6:23  Drone x4  
  68  6:24  Roach x4  
  80  6:30  Muscular Augments  
  80  6:42  Overlord  
  80  6:44  Drone x7  
  80  6:45  Drone  
  88  6:49  Overseer x2  
  86  6:58  Hydralisk  
  86  6:59  Hydralisk x3  
Tags
 
Add a new tag
Caveats
  • Supply blocks, unpowered buildings, or Contaminate may cause inaccurate times.
  • Supply counts are checked every 10 seconds.